 Dungeon Crawl Stone Soup version 0.24.0-2-g5b39cebb1c (webtiles) character file.

Game seed: 11278029955897240166, levelgen mode: deterministic

148 Arixos the Sneak (level 5, -6/30 HPs)
             Began as a Deep Elf Assassin on Oct 29, 2019.
             Mangled by a centaur zombie (7 damage)
             ... on level 5 of the Dungeon.
             The game lasted 00:12:00 (2430 turns).

Arixos the Sneak (Deep Elf Assassin)                Turns: 2430, Time: 00:12:01

Health: -6/30      AC:  5    Str:  8    XL:     5   Next: 8%
Magic:  0/10       EV: 12    Int: 17    God:
Gold:   205        SH:  0    Dex: 16    Spells: 4/9 levels left

rFire    . . .     SeeInvis .   a - +2 dagger
rCold    . . .     Gourm    .   (no shield)
rNeg     . . .     Faith    .   i - +0 leather armour
rPois    .         Spirit   +   (no helmet)
rElec    .         Reflect  .   c - +0 cloak
rCorr    .         Harm     .   (no gloves)
MR       .....                  u - +0 pair of boots
Stlth    +++.......             l - amulet of guardian spirit
HPRegen  0.10/turn              (no ring)
MPRegen  0.12/turn              (no ring)

@: no status effects
A: no striking features
a: no special abilities


You were on level 5 of the Dungeon.
You were hungry.

You visited 1 branch of the dungeon, and saw 5 of its levels.

You collected 205 gold pieces.

Inventory:

Hand Weapons
 a - a +2 dagger (weapon)
 b - a +0 dagger of venom
Missiles
 d - 31 poisoned darts (quivered)
 e - 2 curare-tipped darts
Armour
 c - a +0 cloak (worn)
 i - a +0 leather armour (worn)
 q - a +0 ring mail
 u - a +0 pair of boots (worn)
Jewellery
 l - an amulet of guardian spirit (around neck)
Scrolls
 h - 2 scrolls of teleportation {unknown}
 j - a scroll of immolation {unknown}
 k - 4 scrolls of identify {unknown}
 n - a scroll of amnesia {unknown}
 o - 2 scrolls of remove curse {unknown}
 p - 3 scrolls of noise {unknown}
 s - a scroll of fog {unknown}
Potions
 g - a potion of resistance {unknown}
 m - a potion of haste
 r - a potion of agility {unknown}
 t - a potion of curing {unknown}
 v - a potion of lignification {unknown}
Comestibles
 f - 6 rations
 w - 2 chunks of flesh


   Skills:
 + Level 2.3 Fighting
 + Level 2.2 Short Blades
 - Level 2.0 Throwing
 + Level 1.4 Armour
 + Level 2.7 Dodging
 + Level 5.0 Stealth
 + Level 2.5 Spellcasting
 * Level 1.5 Hexes
 * Level 1.2 Ice Magic


You had 4 spell levels left.
You knew the following spells:

 Your Spells              Type           Power        Failure   Level  Hunger
a - Ensorcelled Hibernat  Hex/Ice        #.....       22%         2    ##.....
c - Confuse               Hex            #.......     38%         3    ###....

Your spell library contained the following spells:

 Spells                   Type           Power        Failure   Level  Hunger
 Corona                   Hex            #......      14%         1    #......
 Tukima's Dance           Hex            #.......     38%         3    ###....
 Dazzling Spray           Conj/Hex       #.....       50%         3    ###....


Dungeon Overview and Level Annotations

Branches:
Dungeon (5/15)
 Temple: D:4-7

Altars:
Kikubaaqudgha

Annotations:
D:2 Sigmund


Message History

You barely miss the centaur zombie.
The centaur zombie is moderately damaged.
The centaur zombie misses you.
You hit the centaur zombie.
The centaur zombie is heavily damaged.
The centaur zombie closely misses you.
You hit the centaur zombie.
The centaur zombie is severely damaged.
The centaur zombie closely misses you.
You hit the centaur zombie but do no damage.
The centaur zombie is severely damaged.
The centaur zombie barely misses you.
You hit the centaur zombie.
The centaur zombie is severely damaged.
The centaur zombie barely misses you. The centaur zombie hits you.
* * * LOW HITPOINT WARNING * * *
You hit the centaur zombie.
The centaur zombie is severely damaged.
The centaur zombie hits you!
You die... ## #. #. #.### #Z@<# #####

You could see a centaur zombie.

Vanquished Creatures
  A howler monkey (D:4)
  A hound (D:4)
  2 adders
  An adder skeleton (D:4)
  A worm (D:2)
  3 dart slugs (D:1)
  A leopard gecko (D:4)
  An orc (D:4)
  6 bats
  A bat zombie (D:3)
  3 giant cockroaches
  6 goblins
  A hobgoblin (D:1)
  4 jackals (D:3)
  A quokka (D:3)
  5 frilled lizards
  3 kobolds
  7 rats (D:1)
  3 rat zombies (D:3)
51 creatures vanquished.

Notes
Turn   | Place    | Note
-------+----------+-------------------------------------------
     0 | D:1      | Arixos the Deep Elf Assassin began the quest for the Orb.
     0 | D:1      | Reached XP level 1. HP: 12/12 MP: 3/3
   205 | D:1      | Reached skill level 1 in Spellcasting
   205 | D:1      | Reached XP level 2. HP: 17/17 MP: 5/5
   587 | D:2      | Reached XP level 3. HP: 21/21 MP: 7/7
   633 | D:2      | Reached skill level 1 in Armour
   790 | D:2      | Noticed Sigmund
  1412 | D:3      | Found an ancient bone altar of Kikubaaqudgha.
  1523 | D:3      | Learned a level 2 spell: Ensorcelled Hibernation
  1527 | D:3      | Learned a level 3 spell: Confuse
  1982 | D:4      | Reached skill level 1 in Hexes
  1982 | D:4      | Reached XP level 4. HP: 19/26 MP: 5/9
  2128 | D:4      | Noticed a phantom
  2262 | D:4      | Noticed a phantom
  2316 | D:4      | Reached skill level 5 in Stealth
  2316 | D:4      | Reached skill level 1 in Ice Magic
  2316 | D:4      | Reached XP level 5. HP: 26/30 MP: 3/10
  2418 | D:5      | Entered Level 5 of the Dungeon
  2429 | D:5      | HP: 1/30 [centaur zombie (2)]
  2430 | D:5      | Mangled by a centaur zombie

Levels and vault maps discovered:
D:1:      lightli_arrival_flooded_house, layout_basic
D:2:      layout_basic, first_ration, uniq_sigmund
D:3:      layout_basic, lemuel_zombie_altar_kikubaaqudgha
D:4:      layout_gridville, kennysheep_generic_room_3
D:5:      layout_basic, serial_glass, glass_columns_a, glass_columns_c,
          uniq_grinder

Skill      XL: |  1  2  3  4 |
---------------+-------------+-----
Spellcasting   | 1 2 |  2.5
Dodging        | 2 |  2.7
Fighting       | 2 |  2.3
Armour         | 1 |  1.4
Hexes          | 1 |  1.5
Stealth        | 5 |  5.0
Ice Magic      | 1 |  1.2
Short Blades   | |  2.2
Throwing       | |  2.0

Action                   |  1- 3 |  4- 6 || total
-------------------------+-------+-------++-------
Melee: Dagger            |   164 |    66 ||   230
       Unarmed           |     1 |       ||     1
Throw: Dart              |     3 |       ||     3
 Cast: Confuse           |       |     3 ||     3
 Stab: Sleeping          |    13 |     1 ||    14
  Eat: Chunk             |     3 |     2 ||     5
Armor: Robe              |     1 |       ||     1
       Ring mail         |    53 |       ||    53
       Leather armour    |     2 |     8 ||    10
Dodge: Dodged            |    85 |    34 ||   119
